 Dungeon Crawl Stone Soup version 0.20.1-1-g8b1a95d (webtiles) character file.

2759 vineage the Basher (level 9, -9/55 HPs)
             Began as a Gargoyle Fighter on Sept 18, 2017.
             Was a Believer of the Shining One.
             Mangled by an orc knight
             ... wielding a +0 great sword
              (23 damage)
             ... in a bailey.
             The game lasted 00:08:41 (5263 turns).

vineage the Basher (Gargoyle Fighter)               Turns: 5263, Time: 00:08:42

Health: -9/55      AC: 17    Str: 25    XL:     9   Next: 69%
Magic:  9/9        EV: 13    Int: 10    God:    the Shining One [**....]
Gold:   212        SH:  0    Dex: 16    Spells: 8/8 levels left

rFire    . . .     SeeInvis .   w - +1 flail (protect)
rCold    . . .     Gourm    .   j - +0 large shield
rNeg     + + .     Faith    .   b - +0 scale mail
rPois    ∞         Spirit   .   y - +0 helmet
rElec    +         Reflect  .   (no cloak)
rCorr    .         Harm     .   g - +0 pair of gloves
MR       .....                  (no boots)
Stlth    +.........             (no amulet)
Regen    0.2/turn               (no ring)
MPRegen  0.2/turn               (no ring)

@: confused, mighty, agile, divine shield, glowing
A: icy blue scales 1, negative energy resistance 1, electricity resistance,
unbreathing, petrification resistance, rot immunity, MP-powered wands, AC +5
a: Divine Shield, Renounce Religion


You were in a bailey.
You worshipped the Shining One.
The Shining One was pleased with you.
You were hungry.

You visited 1 branch of the dungeon, and saw 7 of its levels.
You also visited: Bailey.

You collected 362 gold pieces.
You spent 150 gold pieces at shops.

Inventory:

Hand Weapons
 a - a +0 flail
 w - a +1 flail of protection (weapon)
 A - the +10 whip of Floods {drain, rF+ Int+3 Stlth+}
   (You bought it in a shop on level 6 of the Dungeon)

   A truly terrible weapon, it drains the life of those it strikes.
   It affects your intelligence (+3).
   It protects you from fire.
   It makes you more stealthy.
   The Shining One disapproves of the use of such an item.
Missiles
 G - 48 tomahawks of returning (quivered)
Armour
 b - a +0 scale mail (worn)
 c - a +0 shield
 g - a +0 pair of gloves (worn)
 j - a +0 large shield (worn)
 y - a +0 helmet (worn)
Wands
 d - a wand of polymorph (10/24)
 F - a wand of polymorph (7/24)
Scrolls
 e - 5 scrolls of teleportation {unknown}
 m - a scroll of fear {unknown}
 n - a scroll of magic mapping {unknown}
 r - a scroll of amnesia {unknown}
 s - 3 scrolls of enchant weapon {unknown}
 t - 2 scrolls of brand weapon {unknown}
 E - a scroll of blinking {unknown}
 H - a scroll of identify
Potions
 i - a potion of magic
 k - a potion of cancellation
 l - a potion of ambrosia
 q - 3 potions of curing
 x - a potion of resistance {unknown}
 B - a potion of lignification {unknown}
 C - a potion of invisibility {unknown}
 D - a potion of degeneration {unknown}
Comestibles
 f - 7 bread rations
 p - a meat ration
 u - 7 fruits
 v - 2 royal jellies


   Skills:
 + Level 5.7 Fighting
 + Level 8.9 Maces & Flails
 + Level 6.3 Armour
 + Level 2.4 Dodging
 + Level 1.9 Stealth
 + Level 7.3 Shields
 + Level 0.8 Unarmed Combat


You had 8 spell levels left.
You didn't know any spells.

Dungeon Overview and Level Annotations

Branches:
Dungeon (7/15)             Temple (0/1) D:6

Altars:
Nemelex Xobeh
The Shining One

Shops:
D:5 (   D:6 *   D:7 (


Innate Abilities, Weirdness & Mutations

You are resistant to torment.
Your stone body is resilient. (AC +5)
You are immune to poison.
You resist negative energy. (rN+)
You are resistant to electric shocks. (rElec)
You can survive without breathing.
You are immune to petrification.
You are immune to rotting.
You are partially covered in icy blue scales. (AC +2)
You expend magic power (3 MP) to strengthen your wands.


Message History

You feel better. You block the gnoll's attack. x2
You feel very mighty all of a sudden. You block the orc knight's attack.
The gnoll closely misses you.
You feel agile all of a sudden. You block the gnoll's attack.
You block the orc knight's attack. You block the gnoll's attack.
You are confused.
You feel invigorated. The gnoll misses you. The gnoll barely misses you.
The orc knight completely misses you.
You bump into the stone wall.
The gnoll hits you but does no damage. x2
Your shield prevents you from hitting the orc knight.
The orc knight is moderately wounded.
You are feeling hungry.
The orc knight hits you with a great sword!
* * * LOW HITPOINT WARNING * * *
The gnoll hits you from afar with a halberd.
* * * LOW HITPOINT WARNING * * *
You bump into the stone wall.
The gnoll misses you.
The orc knight hits you with a great sword!!
You die...

## ### #####
#.#
#.###)'.##
#'##'##'###@#
#.....##
##ogg..#
###.....###
gg...#
#.'..⌠..'.#
..⌠..'.
###.†...###
...!.##
##)....#
#.....#
##'##)##'#
#K##'##'#
#.###.# #.#g#
.# #. #'# ###
#### ### ###


You could see an orc knight, 3 gnolls and a hobgoblin.

Vanquished Creatures
  Sigmund (D:6)
  Menkaure (D:4)
  Edmund (D:4)
  Duvessa (D:6)
  A water moccasin (D:7)
  2 phantoms (D:6)
  2 ogres (D:6)
  A centaur (D:7)
  3 bullfrogs
  Blork the orc (D:6)
  Dowan (D:6)
  5 scorpions
  5 killer bees (D:7)
  2 howler monkeys (D:7)
  2 hounds
  2 orc priests (D:6)
  2 bullfrog skeletons
  6 orc wizards
  Ijyb (D:4)
  3 iguanas
  6 worker ants
  11 adders
  8 gnolls (Bailey)
  A shadow imp (D:6)
  An adder skeleton (D:7)
  3 worms
  A dart slug (D:1)
  A leopard gecko (D:3)
  10 orcs
  2 ball pythons
  7 giant cockroaches
  9 goblins
  18 hobgoblins
  13 jackals
  3 quokkas
  2 bats (D:3)
  6 frilled lizards
  13 kobolds
  A leopard gecko zombie (D:7)
  A quokka skeleton (D:6)
  8 rats
168 creatures vanquished.

Notes
Turn   | Place    | Note
-------+----------+-------------------------------------------
     0 | D:1      | vineage the Gargoyle Fighter began the quest for the Orb.
     0 | D:1      | Reached XP level 1. HP: 14/14 MP: 1/1
   143 | D:1      | Found a glowing golden altar of the Shining One.
   167 | D:1      | Reached XP level 2. HP: 13/19 MP: 2/2
   708 | D:1      | Became a worshipper of the Shining One
   797 | D:2      | Reached XP level 3. HP: 13/23 MP: 3/3
  1078 | D:2      | Reached skill level 1 in Dodging
  1160 | D:2      | Reached XP level 4. HP: 28/28 MP: 4/4
  1271 | D:2      | Reached skill level 3 in Maces & Flails
  1748 | D:3      | Reached XP level 5. HP: 28/33 MP: 5/5
  2829 | D:4      | Noticed Edmund
  2861 | D:4      | Killed Edmund
  2861 | D:4      | Reached skill level 4 in Maces & Flails
  2861 | D:4      | Reached XP level 6. HP: 16/38 MP: 6/6
  2905 | D:4      | Noticed Menkaure
  2905 | D:4      | Reached * piety under the Shining One
  2913 | D:4      | Killed Menkaure
  2913 | D:4      | Reached XP level 7. HP: 22/43 MP: 7/7
  2964 | D:4      | Found a sparkling altar of Nemelex Xobeh.
  2992 | D:4      | Noticed Ijyb
  3012 | D:4      | Killed Ijyb
  3012 | D:4      | Reached skill level 5 in Armour
  3100 | D:5      | Entered Level 5 of the Dungeon
  3108 | D:5      | Found Qyedun's Weapon Boutique.
  3124 | D:5      | Reached skill level 5 in Maces & Flails
  3225 | D:5      | Reached skill level 5 in Shields
  3373 | D:5      | Gained mutation: You expend magic power (3 MP) to strengthen your wands. [potion of mutation]
  3373 | D:5      | Gained mutation: You are partially covered in icy blue scales. (AC +2) [potion of mutation]
  3724 | D:6      | Reached XP level 8. HP: 48/48 MP: 8/8
  3733 | D:6      | Noticed Sigmund
  3743 | D:6      | Killed Sigmund
  3743 | D:6      | Reached skill level 1 in Stealth
  3778 | D:6      | Reached skill level 6 in Maces & Flails
  3935 | D:6      | Found Adoothruo's Assorted Antiques.
  3936 | D:6      | Noticed Duvessa
  3937 | D:6      | Noticed Dowan
  3952 | D:6      | Killed Duvessa
  3952 | D:6      | Reached skill level 5 in Fighting
  3955 | D:6      | Killed Dowan
  3966 | D:6      | Bought a jewelled whip for 150 gold pieces
  3966 | D:6      | Identified the +10 whip of Floods {drain, rF+ Int+3 Stlth+} (You bought it in a shop on level 6 of the Dungeon)
  3979 | D:6      | Found a staircase to the Ecumenical Temple.
  4020 | D:6      | Reached skill level 7 in Maces & Flails
  4023 | D:6      | Noticed Blork the orc
  4049 | D:6      | Killed Blork the orc
  4049 | D:6      | Reached XP level 9. HP: 33/54 MP: 9/9
  4365 | D:6      | Reached skill level 8 in Maces & Flails
  4486 | D:6      | You fall through a shaft!
  4768 | D:7      | Found Otset's Antique Weapon Shop.
  4802 | D:7      | Reached ** piety under the Shining One
  4985 | D:7      | Found a flagged portal.
  4999 | Bailey   | Entered a bailey
  5206 | Bailey   | Noticed an orc knight
  5256 | Bailey   | HP: 2/55 [orc knight/great sword (21)]
  5263 | Bailey   | Mangled by an orc knight

Skill      XL: |  1  2  3  4  5  6  7  8  9 |
---------------+----------------------------+-----
Dodging        | 1 2 |  2.4
Maces & Flails | 3 4 5 7 8 |  8.9
Armour         | 4 5 6 |  6.3
Shields        | 4 5 6 7 |  7.3
Fighting       | 4 5 |  5.7
Stealth        | 1 |  1.9
Unarmed Combat | |  0.8

Action                   |  1- 3 |  4- 6 |  7- 9 || total
-------------------------+-------+-------+-------++-------
Melee: Flail             |   147 |   165 |   364 ||   676
       Unarmed           |       |       |    10 ||    10
Invok: Divine Shield     |       |       |     1 ||     1
  Use: Scroll            |       |     6 |     1 ||     7
       Potion            |       |     2 |     6 ||     8
  Eat: Chunk             |     1 |     5 |     9 ||    15
Armor: Scale mail        |    77 |    92 |   163 ||   332
Dodge: Dodged            |    53 |    56 |    87 ||   196
Block: Shield            |    78 |    90 |    21 ||   189
       Large shield      |       |       |   285 ||   285
